 Dungeon Crawl Stone Soup version 0.18.1-48-g4cf74bf (webtiles) character file.

67 Lennu the Grasshopper (level 4, -5/34 HPs)
             Began as a Formicid Warper on June 28, 2016.
             Slain by a centaur
             ... wielding a +0 short sword
              (7 damage)
             ... on level 2 of the Dungeon.
             The game lasted 00:12:00 (1790 turns).

Lennu the Grasshopper (Formicid Warper)             Turns: 1790, Time: 00:12:00

Health: -5/34      AC:  4    Str: 16    XL:     4   Next: 38%
Magic:  8/8        EV: 11    Int: 13    God:
Gold:   28         SH:  3    Dex: 10    Spells: 2 memorised, 5 levels left

rFire  . . .     SeeInvis +     a - +0 spear
rCold  . . .     Gourm    .     b - +0 leather armour
rNeg   . . .     Faith    .     s - +0 buckler
rPois  .         Spirit   .     (helmet unavailable)
rElec  .         Dismiss  +     (no cloak)
rCorr  .         Reflect  .     i - +0 pair of gloves
SustAt .         Harm     .     (no boots)
MR     .....                    q - amulet of dismissal
Stlth  +.........               (no ring)
                                (no ring)

@: flying, very slightly contaminated, not resistant to hostile enchantments,
very unstealthy
A: permanent stasis, dig shafts and tunnels, four strong arms, antennae 3
a: Dig, Shaft Self


You were on level 2 of the Dungeon.
You were very hungry.

You visited 1 branch of the dungeon, and saw 2 of its levels.

You collected 28 gold pieces.

Inventory:

Hand Weapons
 a - a +0 spear (weapon)
Missiles
 e - 5 tomahawks of dispersal (quivered)
Armour
 b - a +0 leather armour (worn)
 i - a +0 pair of gloves (worn)
 s - a +0 buckler (worn)
Jewellery
 q - an amulet of dismissal (around neck)
Scrolls
 d - a scroll of blinking
 j - a scroll of identify {unknown}
 k - a scroll of enchant armour {unknown}
 o - a scroll of amnesia {unknown}
Potions
 n - a potion of flight
Books
 c - a book of Spatial Translocations

   Spells                             Type                      Level
   a - Apportation                    Translocation                1
   b - Blink                          Translocation                2
   c - Shroud of Golubria             Charms/Translocation         2
   d - Portal Projectile              Translocation                3
   e - Teleport Other                 Translocation                3
   f - Passage of Golubria            Translocation                4
Comestibles
 f - 4 bread rations
 g - a slice of pizza
 h - a meat ration
 l - 5 fruits


   Skills:
 * Level 2.5 Fighting
 * Level 2.2 Polearms
 - Level 1.0 Throwing
 * Level 1.7 Armour
 * Level 2.5 Dodging
 * Level 0.2 Shields
 * Level 2.7 Spellcasting
 + Level 3.1 Translocations


You had 5 spell levels left.
You knew the following spells:

 Your Spells              Type           Power        Failure   Level  Hunger
a - Apportation           Tloc           #.........   14%         1    #......
b - Shroud of Golubria    Chrm/Tloc      #.........   38%         2    ###....


Dungeon Overview and Level Annotations

Branches:
Dungeon (2/15)

Altars:
Trog


Innate Abilities, Weirdness & Mutations

You are under a permanent stasis effect.
You can dig through walls and to a lower floor.
Your four strong arms can wield two-handed weapons with a shield.
You have a pair of large antennae on your head (SInv).


Message History

You miscast Shroud of Golubria.
You spin around.
The adder bites you.
Your amulet of dismissal vibrates suddenly!
The adder disappears!
You barely miss the centaur.
The centaur is severely wounded.
The centaur unwields an uncursed shortbow.
The centaur wields an uncursed short sword.
The centaur hits you with an uncursed short sword.
* * * LOW HITPOINT WARNING * * *
Drink which item? (? for menu, Esc to quit)
It was a potion of flight.
You feel very buoyant.
You fly up into the air.
The centaur hits you with an uncursed short sword!
* * * LOW HITPOINT WARNING * * *
The centaur hits you but does no damage.
Drink which item? (? for menu, Esc to quit)
It was a potion of magic.
Magic courses through your body.
The centaur hits you with an uncursed short sword!
You die...

##. ... ..# #s#
#.######## # #.##.....#
#.####.##.....#
#.#....gc.....#
#......##@....#
#.#.#####.....#
#......##.#.###
###.##.##.#.#
#.##.##.#.#
#.......#.### #. ###
##......#...## .. ..
#.#.........####.#.# #.
#.#..#.##.#........###.


You could see a centaur and a hobgoblin.

Vanquished Creatures
  2 oozes (D:1)
  2 worms (D:2)
  A dart slug (D:1)
  A bat (D:2)
  2 giant cockroaches (D:2)
  3 goblins
  4 hobgoblins (D:1)
  8 jackals (D:2)
  A quokka (D:2)
  5 kobolds
  22 rats
51 creatures vanquished.

Notes
Turn   | Place    | Note
--------------------------------------------------------------
     0 | D:1      | Lennu the Formicid Warper began the quest for the Orb.
     0 | D:1      | Reached XP level 1. HP: 16/16 MP: 3/3
    66 | D:1      | Reached skill level 3 in Translocations
    66 | D:1      | Reached XP level 2. HP: 11/22 MP: 5/5
   235 | D:1      | Learned a level 2 spell: Shroud of Golubria
   542 | D:1      | Reached XP level 3. HP: 14/28 MP: 6/6
   971 | D:2      | Reached XP level 4. HP: 32/34 MP: 7/7
  1150 | D:2      | Found a bloodstained altar of Trog.
  1760 | D:2      | Noticed a centaur
  1790 | D:2      | Slain by a centaur

Skill      XL: |  1  2 |
---------------+-------+-----
Translocations | 3 |  3.1
Dodging        | 2 |  2.5
Fighting       | |  2.5
Polearms       | |  2.2
Throwing       | |  1.0
Armour         | |  1.7
Shields        | |  0.2
Spellcasting   | |  2.7

Action                   |  1- 3 |  4- 6 || total
-------------------------+-------+-------++-------
Melee: Spear             |   132 |   103 ||   235
 Cast: Shroud of Golubri |     1 |     5 ||     6
 Abil: Dig               |     2 |       ||     2
  Use: Potion            |       |     5 ||     5
       Scroll            |       |     1 ||     1
  Eat: Chunk             |       |     3 ||     3
Armor: Leather armour    |    27 |    35 ||    62
Dodge: Dodged            |    71 |    69 ||   140
Block: Buckler           |       |     8 ||     8
